AoeStats
← Obuk

Lombardia

509613517Analyzed
4v4 RM · 5d ago on Sep 27, 2026· 17m 28s· 8 players
Game mode
Random Map
Map size
Large (8 player)
Population
200
Speed
Normal
Resources
Standard
Victory
Conquest
Starting age
Dark Age
Ending age
Imperial Age
RankedLock teamsTeams togetherTeam positionsShared explorationLock speedFull tech treeHidden civsTurbo modeCheats
Victory
Defeat
🇩🇪 Franks · Germany
1641
+15
🇻🇳 Magyars · Vietnam
1530
+20
🇨🇳 Mongols · China
1526
+20
1480
+22
🇦🇱 Gurjaras · Albania
1640
-20
🇨🇳 Goths · China
1605
-19
🇦🇺 Magyars · Australia
1603
-19
🇺🇸 Burmese · United States
1602
-19
投掷哥布林
0:30 Loom
10:14 Feudal Age
14:17 Castle Age
12:40 Double-Bit Axe
13:02 Horse Collar
ResonanceFreq
10:13 Feudal Age
14:04 Castle Age
12:16 Double-Bit Axe
12:21 Horse Collar
Lastmantillidie
9:04 Loom
10:49 Feudal Age
16:13 Castle Age
15:11 Horse Collar
BalkanRedneck
10:36 Feudal Age
14:14 Castle Age
12:15 Double-Bit Axe
12:22 Horse Collar
15:26 Bow Saw
16:43 Loom
timembh
5:38 Loom
9:01 Feudal Age
10:57 Double-Bit Axe
12:25 Horse Collar
迷路将军
6:58 Loom
10:12 Feudal Age
11:41 Double-Bit Axe
14:56 Castle Age
12:49 Horse Collar
13:34 Gold Mining
14:55 Loom
17:10 Loom
Obuk
8:05 Loom
12:21 Feudal Age
13:04 Double-Bit Axe
13:15 Stone Mining
14:37 Wheelbarrow
16:02 Castle Age
17:15 Bow Saw
Ares_Hong Bang- Trieu Dynasty
0:29 Loom
8:59 Feudal Age
12:51 Fletching
14:50 Padded Archer Armor
Connection lost

Rejoining the realm…

Still unreachable

The connection could not be restored.

Session expired

The server has moved on; the page needs a fresh start.